Login

Belleville Senators vs Hartford Wolf Pack

Created - 18 March 2024 at 23:11

Goals
1 2 3 T
Belleville Senators 2 1 1 4
Hartford Wolf Pack 1 4 1 6
Shots
1 2 3 T
Belleville Senators 22 15 9 46
Hartford Wolf Pack 13 8 9 30

GoalsPenalties
1st period
1. Belleville Senators , Zack MacEwen 1 (Ridly Greig 6, Rourke Chartier 3) at 12:54 (PP)
2. Belleville Senators , Dillon Heatherington 1 (Tyler Kleven 2, Alex Vlasic 4) at 18:27
3. Hartford Wolf Pack , Karl Henriksson 2 (Turner Elson 3, Lauri Pajuniemi 2) at 19:22
Nikolas Brouillard (HAR) for Delaying the game (Minor) at 12:09
Bokondji Imama (BEL) for Tripping (Minor) at 19:49
2nd period
4. Hartford Wolf Pack , Brett Berard 1 (Turner Elson 4, Karl Henriksson 2) at 6:41
5. Hartford Wolf Pack , Anton Blidh 9 (Bobby Trivigno 7, Olivier LeBlanc 1) at 12:48
6. Hartford Wolf Pack , Anton Blidh 10 (Adam Sykora 2, Bobby Trivigno 8) at 13:25
7. Hartford Wolf Pack , Riley Nash 8 (Will Cuylle 4) at 14:53 (PP)
8. Belleville Senators , Joel Teasdale 4 (Ridly Greig 7) at 16:20 (PP)
Cole Reinhardt (BEL) for High sticking (Minor) at 8:05
Cole Reinhardt (BEL) for Interference (Minor) at 14:49
Ryan Jones (HAR) for Holding (Minor) at 15:13
3rd period
9. Hartford Wolf Pack , Riley Nash 9 (Brandon Scanlin 4, Ryan Jones 2) at 2:11
10. Belleville Senators , Joel Teasdale 5 (Ridly Greig 8) at 7:39
Dillon Heatherington (BEL) for Tripping (Minor) at 9:12
Goalie Stats
Leevi Merilainen (BEL), 9 saves from 11 shots - (0.818), L, 3-2-0, 26:35 minutes
Cory Schneider (BEL), 15 saves from 19 shots - (0.789), 33:25 minutes
Dylan Garand (HAR), 42 saves from 46 shots - (0.913), W, 2-1-0, 60:00 minutes
3 StarsOfficial
1 - Anton Blidh (HAR)
2 - Riley Nash (HAR)
3 - Karl Henriksson (HAR)
Referees : Ryan Hersey and Garrett Rank
Linesman : Jeff Walker and Kiel Murchison
Game Note
Leevi Merilainen enters game at 13:25 of 2nd period
Finance
Level 1 -- Attendance: 1887 (94.35%) -- Ticket Income $66,045
Level 2 -- Attendance: 993 (99.30%) -- Ticket Income $14,895
Total Attendance: 2880 (96.00%)
Total Ticket Income: $80,940
Other Income: $39,661
Total Income: $120,601



Team Name Goals Shots Shots Attemp Shots Blocked PIM HIT PP PK FO%
Belleville Senators 4467798332 / 2 (100%)153%
Hartford Wolf Pack 63051124161 / 4 (25%)247%

Belleville Senators
Player Name POS G A P +/- PIM HIT SHT SB MP PP MP PP SHT PK MP PK SHT FO% FOT GA TA
Alex VlasicD011-3015125:081:1112:3200% 001
Angus CrookshankLW000-1005012:370:0000:4800% 000
Bokondji ImamaLW000-2231114:461:0010:0000% 020
Cole ReinhardtLW0000414111:150:0000:4700% 000
Daniel D'AmatoC0000000010:360:0000:17060% 500
Dillon HeatheringtonD1010234018:580:4102:2520% 002
Garrett PilonRW000-1020011:490:0000:0000% 000
Jacob LarssonD0000024118:260:0003:2900% 010
Jermaine LoewenRW0000011010:190:0000:0000% 000
Joel TeasdaleLW2020024220:440:5213:28050% 402
Justin BrazeauRW000-2010014:341:0000:0000% 000
Louis CrevierD0000021115:540:0001:0400% 000
Matthew HighmoreC000-2033015:070:0001:32050% 620
Mike ReillyD000-3013122:061:1100:0000% 000
Ridly GreigC0330025016:530:5200:00043% 2810
Rourke ChartierC011-1030016:501:0003:38073% 1500
Tyler KlevenD0110002019:280:4102:3200% 000
Zack MacEwenRW1010064118:250:5211:32050% 200
Hartford Wolf Pack
Player Name POS G A P +/- PIM HIT SHT SB MP PP MP PP SHT PK MP PK SHT FO% FOT GA TA
Adam EdstromC000000003:520:2100:0700% 100
Adam SykoraRW0112013218:552:0700:0000% 002
Anton BlidhLW2022025120:042:1000:4200% 010
Bobby TrivignoC0222014019:242:1000:00059% 1720
Brandon ScanlinD0112011523:211:5901:1000% 002
Brett BerardRW1012011013:400:1800:0000% 000
Jacob FriendD0002001221:490:0000:2300% 000
Karl HenrikssonC1122012012:480:0000:00075% 800
Lauri PajuniemiLW011-1011021:570:1801:10036% 2501
Matt RempeC000-100004:270:0000:000100% 100
Matthew RobertsonD000-1001115:414:0201:1000% 000
Nikolas BrouillardD000-1200015:274:0200:4400% 000
Olivier LeBlancD0112001021:260:0000:0000% 001
Riley NashRW2020022121:293:3310:350100% 100
Ryan JonesD0112211022:271:5900:1700% 000
Ryder KorczakC000000000:000:0000:0000% 000
Turner ElsonLW0222022016:223:3300:0000% 520
Will CuylleLW011-1035024:573:3311:10050% 200

Belleville Senators

5 vs 5 Forward
Line #Left WingCenterRight WingPHYDFOFWanted %Time %Time Play
1Joel TeasdaleRidly GreigZack MacEwen1224031%16:24
2Bokondji ImamaMatthew HighmoreJustin Brazeau1223026%13:35
3Angus CrookshankRourke ChartierGarrett Pilon1222023%11:49
4Cole ReinhardtDaniel D'AmatoJermaine Loewen1221020%10:19
5 vs 5 Defense
Line #DefenseDefensePHYDFOFWanted %Time %Time Play
1Mike ReillyAlex Vlasic2214040%20:57
2Tyler KlevenDillon Heatherington2213231%16:21
3Louis CrevierJacob Larsson2212827%13:59
4Louis CrevierJacob Larsson22102%0:50
Power Play Forward
Line #Left WingCenterRight WingPHYDFOFWanted %Time %Time Play
1Joel TeasdaleRidly GreigZack MacEwen1226046%0:52
2Bokondji ImamaRourke ChartierJustin Brazeau1224054%1:00
Power Play Defense
Line #DefenseDefensePHYDFOFWanted %Time %Time Play
1Mike ReillyAlex Vlasic1226063%1:11
2Tyler KlevenDillon Heatherington1224037%0:41
Penalty Kill 4 Players Forward
Line #CenterWingPHYDFOFWanted %Time %Time Play
1Rourke ChartierJoel Teasdale1316075%4:29
2Matthew HighmoreCole Reinhardt1314025%1:32
Penalty Kill 4 Players Defense
Line #DefenseDefensePHYDFOFWanted %Time %Time Play
1Dillon HeatheringtonJacob Larsson1316058%3:29
2Alex VlasicTyler Kleven1314042%2:32
Penalty Kill 3 Players
Line #WingPHYDFOFWanted %Time %Time PlayDefenseDefensePHYDFOFWanted %Time %Time Play
1Rourke Chartier122600%0:00 Dillon HeatheringtonJacob Larsson122600%0:00
2Matthew Highmore122400%0:00 Alex VlasicTyler Kleven122400%0:00
4 vs 4 Forward
Line #CenterWingPHYDFOFWanted %Time %Time Play
1Matthew HighmoreRidly Greig122600%0:00
2Joel TeasdaleZack MacEwen122400%0:00
4 vs 4 Defense
Line #DefensePHYDFOFWanted %Time %Time Play
1Mike ReillyAlex Vlasic122600%0:00
2Louis CrevierTyler Kleven122400%0:00
Last Minutes Offensive
Left WingCenterRight WingDefenseDefense
Joel TeasdaleRidly GreigZack MacEwenAlex VlasicTyler Kleven
Last Minutes Defensive
Left WingCenterRight WingDefenseDefense
Joel TeasdaleRourke ChartierZack MacEwenAlex VlasicJacob Larsson
Time
Total ForwardTotal DefenseLast Minutes OffensiveLast Minutes Defensive
60:00 60:00 0:000:00
Extra Forwards
Normal PowerPlayPenalty Kill
Daniel D'Amato, Ridly Greig, Matthew HighmoreJoel Teasdale, Rourke ChartierZack MacEwen
Extra Defensemen
Normal PowerPlayPenalty Kill
Tyler Kleven, Mike Reilly, Alex VlasicTyler Kleven, Jacob LarssonLouis Crevier
Penalty Shots
Daniel D'Amato, Louis Crevier, Ridly Greig, Joel Teasdale, Rourke Chartier
Goalie
Cory Schneider, Leevi Merilainen
Custom OT Lines Forwards
Ridly Greig, Zack MacEwen, Matthew Highmore, Joel Teasdale, Rourke Chartier, Bokondji Imama, Justin Brazeau, Angus Crookshank, Cole Reinhardt, Garrett Pilon
Custom OT Lines Defensemen
Alex Vlasic, Mike Reilly, Tyler Kleven, Dillon Heatherington, Jacob Larsson
Scratches
D.J. Busdeker (Healthy), Jorian Donovan (Healthy), Ryan Francis (Healthy), Roby Jarventie (Healthy), Noah Laaouan (Healthy) Jeremy McKenna (Healthy), Donovan Sebrango (Healthy), Lukas Sedlak (Healthy), Vincent Sevigny (Healthy), Isaac Poulter (Healthy)

Hartford Wolf Pack

5 vs 5 Forward
Line #Left WingCenterRight WingPHYDFOFWanted %Time %Time Play
1Will CuylleLauri PajuniemiRiley Nash1224033%17:12
2Anton BlidhBobby TrivignoAdam Sykora1223034%17:40
3Turner ElsonKarl HenrikssonBrett Berard1222025%12:48
4Lauri PajuniemiMatt RempeWill Cuylle122109%4:27
5 vs 5 Defense
Line #DefenseDefensePHYDFOFWanted %Time %Time Play
1Jacob FriendOlivier LeBlanc1224043%22:11
2Brandon ScanlinRyan Jones1223031%16:16
3Matthew RobertsonNikolas Brouillard1222019%9:44
4Brandon ScanlinRyan Jones122108%3:56
Power Play Forward
Line #Left WingCenterRight WingPHYDFOFWanted %Time %Time Play
1Will CuylleTurner ElsonRiley Nash1226059%3:33
2Anton BlidhBobby TrivignoAdam Sykora1224041%2:28
Power Play Defense
Line #DefenseDefensePHYDFOFWanted %Time %Time Play
1Matthew RobertsonNikolas Brouillard1226067%4:02
2Brandon ScanlinRyan Jones1224033%1:59
Penalty Kill 4 Players Forward
Line #CenterWingPHYDFOFWanted %Time %Time Play
1Lauri PajuniemiWill Cuylle1226069%1:17
2Riley NashAnton Blidh1224031%0:35
Penalty Kill 4 Players Defense
Line #DefenseDefensePHYDFOFWanted %Time %Time Play
1Nikolas BrouillardMatthew Robertson1226063%1:10
2Brandon ScanlinRyan Jones1224038%0:42
Penalty Kill 3 Players
Line #WingPHYDFOFWanted %Time %Time PlayDefenseDefensePHYDFOFWanted %Time %Time Play
1Riley Nash122600%0:00 Nikolas BrouillardOlivier LeBlanc122600%0:00
2Will Cuylle122400%0:00 Brandon ScanlinRyan Jones122400%0:00
4 vs 4 Forward
Line #CenterWingPHYDFOFWanted %Time %Time Play
1Lauri PajuniemiWill Cuylle122600%0:00
2Riley NashAnton Blidh122400%0:00
4 vs 4 Defense
Line #DefensePHYDFOFWanted %Time %Time Play
1Matthew RobertsonJacob Friend122600%0:00
2Brandon ScanlinRyan Jones122400%0:00
Last Minutes Offensive
Left WingCenterRight WingDefenseDefense
Will CuylleAnton BlidhRiley NashBrandon ScanlinRyan Jones
Last Minutes Defensive
Left WingCenterRight WingDefenseDefense
Will CuylleAnton BlidhRiley NashBrandon ScanlinRyan Jones
Time
Total ForwardTotal DefenseLast Minutes OffensiveLast Minutes Defensive
60:00 60:00 0:000:00
Extra Forwards
Normal PowerPlayPenalty Kill
Adam Edstrom, Turner Elson, Lauri PajuniemiAdam Edstrom, Turner ElsonLauri Pajuniemi
Extra Defensemen
Normal PowerPlayPenalty Kill
Matthew Robertson, Nikolas Brouillard, Brandon ScanlinMatthew Robertson, Nikolas BrouillardBrandon Scanlin
Penalty Shots
Lauri Pajuniemi, Will Cuylle, Riley Nash, Anton Blidh, Turner Elson
Goalie
Dylan Garand, Louis Domingue
Custom OT Lines Forwards
Adam Sykora, Will Cuylle, Riley Nash, Anton Blidh, Turner Elson, Lauri Pajuniemi, Bobby Trivigno, Karl Henriksson, Matt Rempe, Adam Edstrom
Custom OT Lines Defensemen
Nikolas Brouillard, Olivier LeBlanc, Brandon Scanlin, Ryan Jones, Matthew Robertson
Scratches
Mac Hollowell (Exhaustion), Jake Leschyshyn (Exhaustion), Connor Mackey (Bruised Right Foot Injury), Braden Schneider (Exhaustion), Olof Lindbom (Healthy)


Play-by-Play

1st period


0:01 of 1st period - Ridly Greig wins face-off versus Lauri Pajuniemi in neutral zone.
1:17 of 1st period - Snap shot by Cole Reinhardt.
1:17 of 1st period - Stopped by Dylan Garand with a rebound.
1:51 of 1st period - Wrist shot by Anton Blidh.
1:51 of 1st period - Shot Misses the Net.
1:53 of 1st period - Slapshot by Brandon Scanlin.
1:53 of 1st period - Stopped by Cory Schneider without a rebound.
1:54 of 1st period - Rourke Chartier wins face-off versus Bobby Trivigno in Belleville Senators zone.
2:26 of 1st period - Wrist shot by Bobby Trivigno.
2:26 of 1st period - Shot Misses the Net.
2:28 of 1st period - Slapshot by Jacob Friend.
2:28 of 1st period - Stopped by Cory Schneider without a rebound.
2:29 of 1st period - Ridly Greig wins face-off versus Karl Henriksson in Belleville Senators zone.
2:44 of 1st period - Wrist shot by Turner Elson.
2:44 of 1st period - Stopped by Cory Schneider with a rebound.
3:24 of 1st period - Snap shot by Cole Reinhardt.
3:24 of 1st period - Shot Blocked by Anton Blidh.
3:26 of 1st period - Snap shot by Daniel D'Amato.
3:26 of 1st period - Shot Blocked by Adam Sykora.
3:28 of 1st period - Backhand shot by Alex Vlasic.
3:28 of 1st period - Deflect By Jermaine Loewen.
3:28 of 1st period - Stopped by Dylan Garand with a rebound.
3:44 of 1st period - Garrett Pilon is hit by Turner Elson and loses puck.
4:22 of 1st period - Icing by Olivier LeBlanc.
4:23 of 1st period - Ridly Greig wins face-off versus Karl Henriksson in Hartford Wolf Pack zone.
4:30 of 1st period - Wrist shot by Ridly Greig.
4:30 of 1st period - Stopped by Dylan Garand with a rebound.
4:48 of 1st period - Adam Sykora is hit by Bokondji Imama and loses puck.
4:53 of 1st period - Snap shot by Matthew Highmore.
4:53 of 1st period - Stopped by Dylan Garand with a rebound.
5:06 of 1st period - Off-side.
5:07 of 1st period - Lauri Pajuniemi wins face-off versus Daniel D'Amato in neutral zone.
5:54 of 1st period - Jermaine Loewen is hit by Riley Nash and loses puck.
6:11 of 1st period - Backhand shot by Cole Reinhardt.
6:11 of 1st period - Shot Blocked by Riley Nash.
6:13 of 1st period - Snap shot by Jermaine Loewen.
6:13 of 1st period - Shot Misses the Net.
6:15 of 1st period - Slapshot by Jermaine Loewen.
6:15 of 1st period - Shot Misses the Net.
6:27 of 1st period - Slapshot by Cole Reinhardt.
6:27 of 1st period - Stopped by Dylan Garand with a rebound.
6:39 of 1st period - Wrist shot by Cole Reinhardt.
6:39 of 1st period - Stopped by Dylan Garand with a rebound.
6:41 of 1st period - Slapshot by Jacob Larsson.
6:41 of 1st period - Stopped by Dylan Garand without a rebound.
6:42 of 1st period - Bobby Trivigno wins face-off versus Zack MacEwen in Hartford Wolf Pack zone.
6:42 of 1st period - Bobby Trivigno is hit by Zack MacEwen.
6:57 of 1st period - Wrist shot by Ridly Greig.
6:57 of 1st period - Stopped by Dylan Garand with a rebound.
6:59 of 1st period - Backhand shot by Mike Reilly.
6:59 of 1st period - Stopped by Dylan Garand with a rebound.
7:09 of 1st period - Mike Reilly is hit by Karl Henriksson and loses puck.
7:37 of 1st period - Wrist shot by Angus Crookshank.
7:37 of 1st period - Shot Blocked by Matthew Robertson.
7:53 of 1st period - Bobby Trivigno is hit by Ridly Greig and loses puck.
8:51 of 1st period - Icing by Jacob Larsson.
8:52 of 1st period - Matt Rempe wins face-off versus Ridly Greig in Belleville Senators zone.
10:15 of 1st period - Slapshot by Alex Vlasic.
10:15 of 1st period - Shot Misses the Net.
10:21 of 1st period - Wrist shot by Rourke Chartier.
10:21 of 1st period - Shot Blocked by Brandon Scanlin.
10:25 of 1st period - Snap shot by Rourke Chartier.
10:25 of 1st period - Shot Blocked by Adam Sykora.
10:27 of 1st period - Slapshot by Tyler Kleven.
10:27 of 1st period - Shot Blocked by Brandon Scanlin.
10:53 of 1st period - Slapshot by Bokondji Imama.
10:53 of 1st period - Shot Misses the Net.
11:09 of 1st period - Slapshot by Alex Vlasic.
11:09 of 1st period - Stopped by Dylan Garand with a rebound.
11:14 of 1st period - Icing by Karl Henriksson.
11:15 of 1st period - Karl Henriksson wins face-off versus Ridly Greig in Hartford Wolf Pack zone.
11:42 of 1st period - Will Cuylle is hit by Garrett Pilon and loses puck.
12:09 of 1st period - Minor Penalty to Nikolas Brouillard for Delaying the game.
12:10 of 1st period - Ridly Greig wins face-off versus Lauri Pajuniemi in Hartford Wolf Pack zone.
12:26 of 1st period - Off-side.
12:27 of 1st period - Rourke Chartier wins face-off versus Lauri Pajuniemi in neutral zone.
12:32 of 1st period - Snap shot by Alex Vlasic.
12:32 of 1st period - Stopped by Dylan Garand with a rebound.
12:54 of 1st period - Snap shot by Zack MacEwen.
12:54 of 1st period - Goal by Zack MacEwen - Belleville Senators : 1 - Hartford Wolf Pack : 0.
12:55 of 1st period - Lauri Pajuniemi wins face-off versus Ridly Greig in neutral zone.
13:10 of 1st period - Slapshot by Ridly Greig.
13:10 of 1st period - Stopped by Dylan Garand without a rebound.
13:11 of 1st period - Bobby Trivigno wins face-off versus Matthew Highmore in Hartford Wolf Pack zone.
13:22 of 1st period - Adam Sykora is hit by Matthew Highmore and loses puck.
13:37 of 1st period - Alex Vlasic is hit by Will Cuylle and loses puck.
13:44 of 1st period - Brandon Scanlin is hit by Joel Teasdale and loses puck.
14:05 of 1st period - Brett Berard is hit by Dillon Heatherington and loses puck.
14:46 of 1st period - Snap shot by Anton Blidh.
14:46 of 1st period - Shot Blocked by Alex Vlasic.
14:48 of 1st period - Wrist shot by Anton Blidh.
14:48 of 1st period - Stopped by Cory Schneider without a rebound.
14:49 of 1st period - Ridly Greig wins face-off versus Lauri Pajuniemi in Belleville Senators zone.
15:04 of 1st period - Snap shot by Will Cuylle.
15:04 of 1st period - Stopped by Cory Schneider with a rebound.
15:16 of 1st period - Anton Blidh is hit by Justin Brazeau and loses puck.
15:23 of 1st period - Snap shot by Bobby Trivigno.
15:23 of 1st period - Stopped by Cory Schneider with a rebound.
15:25 of 1st period - Snap shot by Adam Sykora.
15:25 of 1st period - Stopped by Cory Schneider without a rebound.
15:26 of 1st period - Rourke Chartier wins face-off versus Lauri Pajuniemi in Belleville Senators zone.
15:49 of 1st period - Icing by Matthew Robertson.
15:50 of 1st period - Bobby Trivigno wins face-off versus Ridly Greig in Hartford Wolf Pack zone.
15:50 of 1st period - Bobby Trivigno is hit by Zack MacEwen.
16:16 of 1st period - Anton Blidh is hit by Rourke Chartier and loses puck.
16:33 of 1st period - Snap shot by Bobby Trivigno.
16:33 of 1st period - Stopped by Cory Schneider with a rebound.
16:55 of 1st period - Wrist shot by Anton Blidh.
16:55 of 1st period - Stopped by Cory Schneider without a rebound.
16:56 of 1st period - Daniel D'Amato wins face-off versus Lauri Pajuniemi in Belleville Senators zone.
16:56 of 1st period - Daniel D'Amato is hit by Will Cuylle.
17:02 of 1st period - Slapshot by Mike Reilly.
17:02 of 1st period - Shot Blocked by Jacob Friend.
17:06 of 1st period - Backhand shot by Mike Reilly.
17:06 of 1st period - Stopped by Dylan Garand with a rebound.
17:08 of 1st period - Slapshot by Mike Reilly.
17:08 of 1st period - Stopped by Dylan Garand with a rebound.
17:10 of 1st period - Slapshot by Alex Vlasic.
17:10 of 1st period - Stopped by Dylan Garand with a rebound.
17:12 of 1st period - Snap shot by Alex Vlasic.
17:12 of 1st period - Stopped by Dylan Garand without a rebound.
17:13 of 1st period - Karl Henriksson wins face-off versus Ridly Greig in Hartford Wolf Pack zone.
17:30 of 1st period - Snap shot by Ridly Greig.
17:30 of 1st period - Stopped by Dylan Garand with a rebound.
17:40 of 1st period - Matthew Highmore is hit by Lauri Pajuniemi and loses puck.
17:51 of 1st period - Snap shot by Will Cuylle.
17:51 of 1st period - Shot Misses the Net.
17:53 of 1st period - Snap shot by Olivier LeBlanc.
17:53 of 1st period - Deflect By Will Cuylle.
17:53 of 1st period - Stopped by Cory Schneider with a rebound.
18:17 of 1st period - Backhand shot by Alex Vlasic.
18:17 of 1st period - Stopped by Dylan Garand with a rebound.
18:19 of 1st period - Slapshot by Tyler Kleven.
18:19 of 1st period - Deflect By Lauri Pajuniemi.
18:19 of 1st period - Stopped by Dylan Garand with a rebound.
18:27 of 1st period - Wrist shot by Dillon Heatherington.
18:27 of 1st period - Goal by Dillon Heatherington - Belleville Senators : 2 - Hartford Wolf Pack : 0.
18:28 of 1st period - Bobby Trivigno wins face-off versus Ridly Greig in neutral zone.
18:35 of 1st period - Slapshot by Anton Blidh.
18:35 of 1st period - Stopped by Cory Schneider with a rebound.
18:45 of 1st period - Wrist shot by Ridly Greig.
18:45 of 1st period - Deflect By Brandon Scanlin.
18:45 of 1st period - Stopped by Dylan Garand with a rebound.
18:52 of 1st period - Icing by Brandon Scanlin.
18:53 of 1st period - Lauri Pajuniemi wins face-off versus Matthew Highmore in Hartford Wolf Pack zone.
19:06 of 1st period - Backhand shot by Bokondji Imama.
19:06 of 1st period - Shot Blocked by Brandon Scanlin.
19:22 of 1st period - Wrist shot by Karl Henriksson.
19:22 of 1st period - Goal by Karl Henriksson - Belleville Senators : 2 - Hartford Wolf Pack : 1.
19:23 of 1st period - Ridly Greig wins face-off versus Lauri Pajuniemi in neutral zone.
19:26 of 1st period - Wrist shot by Joel Teasdale.
19:26 of 1st period - Shot Misses the Net.
19:38 of 1st period - Slapshot by Will Cuylle.
19:38 of 1st period - Stopped by Cory Schneider without a rebound.
19:39 of 1st period - Matthew Highmore wins face-off versus Bobby Trivigno in Belleville Senators zone.
19:44 of 1st period - Snap shot by Anton Blidh.
19:44 of 1st period - Shot Blocked by Bokondji Imama.
19:49 of 1st period - Minor Penalty to Bokondji Imama for Tripping.
19:50 of 1st period - Rourke Chartier wins face-off versus Turner Elson in Belleville Senators zone.
Goals for this period are 2 for Belleville Senators vs 1 for Hartford Wolf Pack.
Shots for this period are 22 for Belleville Senators vs 13 for Hartford Wolf Pack.

2nd period


0:01 of 2nd period - Rourke Chartier wins face-off versus Turner Elson in neutral zone.
0:12 of 2nd period - Snap shot by Will Cuylle.
0:12 of 2nd period - Stopped by Cory Schneider with a rebound.
0:23 of 2nd period - Icing by Riley Nash.
0:24 of 2nd period - Joel Teasdale wins face-off versus Turner Elson in Hartford Wolf Pack zone.
0:25 of 2nd period - Slapshot by Rourke Chartier.
0:25 of 2nd period - Shot Misses the Net.
0:27 of 2nd period - Slapshot by Dillon Heatherington.
0:27 of 2nd period - Stopped by Dylan Garand with a rebound.
0:29 of 2nd period - Slapshot by Dillon Heatherington.
0:29 of 2nd period - Stopped by Dylan Garand without a rebound.
0:30 of 2nd period - Rourke Chartier wins face-off versus Turner Elson in Hartford Wolf Pack zone.
0:58 of 2nd period - Dillon Heatherington is hit by Anton Blidh.
1:27 of 2nd period - Will Cuylle is hit by Zack MacEwen and loses puck.
1:49 of 2nd period - Penalty to Bokondji Imama is over, Bokondji Imama is back on ice.
2:47 of 2nd period - Zack MacEwen is hit by Brett Berard and loses puck.
3:00 of 2nd period - Tyler Kleven is hit by Riley Nash and loses puck.
3:55 of 2nd period - Will Cuylle is hit by Zack MacEwen and loses puck.
4:21 of 2nd period - Lauri Pajuniemi is hit by Jermaine Loewen and loses puck.
4:55 of 2nd period - Karl Henriksson is hit by Jacob Larsson and loses puck.
4:59 of 2nd period - Icing by Olivier LeBlanc.
5:00 of 2nd period - Karl Henriksson wins face-off versus Matthew Highmore in Hartford Wolf Pack zone.
5:21 of 2nd period - Alex Vlasic is hit by Brandon Scanlin and loses puck.
5:44 of 2nd period - Slapshot by Matthew Highmore.
5:44 of 2nd period - Stopped by Dylan Garand without a rebound.
5:45 of 2nd period - Bobby Trivigno wins face-off versus Ridly Greig in Hartford Wolf Pack zone.
5:45 of 2nd period - Bobby Trivigno is hit by Joel Teasdale.
5:55 of 2nd period - Snap shot by Adam Sykora.
5:55 of 2nd period - Stopped by Cory Schneider without a rebound.
5:56 of 2nd period - Bobby Trivigno wins face-off versus Joel Teasdale in Belleville Senators zone.
5:59 of 2nd period - Backhand shot by Bobby Trivigno.
5:59 of 2nd period - Stopped by Cory Schneider with a rebound.
6:01 of 2nd period - Snap shot by Olivier LeBlanc.
6:01 of 2nd period - Shot Misses the Net.
6:03 of 2nd period - Slapshot by Anton Blidh.
6:03 of 2nd period - Shot Blocked by Joel Teasdale.
6:41 of 2nd period - Wrist shot by Brett Berard.
6:41 of 2nd period - Goal by Brett Berard - Belleville Senators : 2 - Hartford Wolf Pack : 2.
6:42 of 2nd period - Lauri Pajuniemi wins face-off versus Ridly Greig in neutral zone.
8:05 of 2nd period - Minor Penalty to Cole Reinhardt for High sticking.
8:06 of 2nd period - Rourke Chartier wins face-off versus Will Cuylle in Belleville Senators zone.
9:19 of 2nd period - Riley Nash is hit by Zack MacEwen and loses puck.
9:26 of 2nd period - Riley Nash is hit by Matthew Highmore and loses puck.
10:05 of 2nd period - Penalty to Cole Reinhardt is over, Cole Reinhardt is back on ice.
10:32 of 2nd period - Backhand shot by Justin Brazeau.
10:32 of 2nd period - Shot Misses the Net.
10:44 of 2nd period - Slapshot by Matthew Highmore.
10:44 of 2nd period - Shot Blocked by Jacob Friend.
10:46 of 2nd period - Snap shot by Cole Reinhardt.
10:46 of 2nd period - Shot Misses the Net.
10:48 of 2nd period - Slapshot by Jacob Larsson.
10:48 of 2nd period - Stopped by Dylan Garand with a rebound.
11:06 of 2nd period - Matt Rempe is hit by Jacob Larsson and loses puck.
11:33 of 2nd period - Matthew Robertson is hit by Matthew Highmore and loses puck.
12:12 of 2nd period - Snap shot by Matthew Highmore.
12:12 of 2nd period - Shot Misses the Net.
12:14 of 2nd period - Snap shot by Zack MacEwen.
12:14 of 2nd period - Stopped by Dylan Garand without a rebound.
12:15 of 2nd period - Bobby Trivigno wins face-off versus Ridly Greig in Hartford Wolf Pack zone.
12:22 of 2nd period - Wrist shot by Zack MacEwen.
12:22 of 2nd period - Stopped by Dylan Garand without a rebound.
12:23 of 2nd period - Rourke Chartier wins face-off versus Lauri Pajuniemi in Hartford Wolf Pack zone.
12:48 of 2nd period - Snap shot by Anton Blidh.
12:48 of 2nd period - Goal by Anton Blidh - Belleville Senators : 2 - Hartford Wolf Pack : 3.
12:49 of 2nd period - Ridly Greig wins face-off versus Lauri Pajuniemi in neutral zone.
13:23 of 2nd period - Backhand shot by Adam Sykora.
13:23 of 2nd period - Shot Blocked by Mike Reilly.
13:25 of 2nd period - Wrist shot by Anton Blidh.
13:25 of 2nd period - Goal by Anton Blidh - Belleville Senators : 2 - Hartford Wolf Pack : 4.
13:25 of 2nd period - Leevi Merilainen enters game.
13:26 of 2nd period - Lauri Pajuniemi wins face-off versus Ridly Greig in neutral zone.
14:00 of 2nd period - Snap shot by Matthew Highmore.
14:00 of 2nd period - Shot Blocked by Brandon Scanlin.
14:49 of 2nd period - Minor Penalty to Cole Reinhardt for Interference.
14:50 of 2nd period - Riley Nash wins face-off versus Rourke Chartier in Belleville Senators zone.
14:53 of 2nd period - Backhand shot by Riley Nash.
14:53 of 2nd period - Goal by Riley Nash - Belleville Senators : 2 - Hartford Wolf Pack : 5.
14:54 of 2nd period - Joel Teasdale wins face-off versus Lauri Pajuniemi in neutral zone.
15:01 of 2nd period - Snap shot by Will Cuylle.
15:01 of 2nd period - Shot Misses the Net.
15:07 of 2nd period - Ridly Greig is hit by Ryan Jones and loses puck.
15:13 of 2nd period - Minor Penalty to Ryan Jones for Holding.
15:14 of 2nd period - Lauri Pajuniemi wins face-off versus Ridly Greig in Hartford Wolf Pack zone.
15:41 of 2nd period - Will Cuylle is hit by Alex Vlasic and loses puck.
16:18 of 2nd period - Snap shot by Bokondji Imama.
16:18 of 2nd period - Stopped by Dylan Garand without a rebound.
16:19 of 2nd period - Ridly Greig wins face-off versus Adam Edstrom in Hartford Wolf Pack zone.
16:20 of 2nd period - Snap shot by Joel Teasdale.
16:20 of 2nd period - Goal by Joel Teasdale - Belleville Senators : 3 - Hartford Wolf Pack : 5.
16:21 of 2nd period - Zack MacEwen wins face-off versus Lauri Pajuniemi in neutral zone.
16:48 of 2nd period - Will Cuylle is hit by Rourke Chartier and loses puck.
16:57 of 2nd period - Wrist shot by Rourke Chartier.
16:57 of 2nd period - Shot Misses the Net.
16:59 of 2nd period - Wrist shot by Angus Crookshank.
16:59 of 2nd period - Shot Misses the Net.
17:19 of 2nd period - Slapshot by Anton Blidh.
17:19 of 2nd period - Deflect By Bobby Trivigno.
17:19 of 2nd period - Shot Blocked by Louis Crevier.
17:19 of 2nd period - Puck is out of play.
17:20 of 2nd period - Bobby Trivigno wins face-off versus Joel Teasdale in Belleville Senators zone.
17:47 of 2nd period - Turner Elson is hit by Bokondji Imama and loses puck.
17:52 of 2nd period - Snap shot by Matthew Highmore.
17:52 of 2nd period - Stopped by Dylan Garand with a rebound.
17:54 of 2nd period - Snap shot by Bokondji Imama.
17:54 of 2nd period - Shot Misses the Net.
18:12 of 2nd period - Wrist shot by Angus Crookshank.
18:12 of 2nd period - Stopped by Dylan Garand with a rebound.
18:20 of 2nd period - Snap shot by Rourke Chartier.
18:20 of 2nd period - Deflect By Angus Crookshank.
18:20 of 2nd period - Stopped by Dylan Garand with a rebound.
18:36 of 2nd period - Icing by Cole Reinhardt.
18:37 of 2nd period - Daniel D'Amato wins face-off versus Bobby Trivigno in Belleville Senators zone.
18:52 of 2nd period - Snap shot by Jacob Larsson.
18:52 of 2nd period - Stopped by Dylan Garand with a rebound.
19:28 of 2nd period - Slapshot by Cole Reinhardt.
19:28 of 2nd period - Shot Blocked by Brandon Scanlin.
19:30 of 2nd period - Slapshot by Jacob Larsson.
19:30 of 2nd period - Stopped by Dylan Garand with a rebound.
19:32 of 2nd period - Snap shot by Cole Reinhardt.
19:32 of 2nd period - Stopped by Dylan Garand with a rebound.
19:34 of 2nd period - Snap shot by Cole Reinhardt.
19:34 of 2nd period - Shot Misses the Net.
19:36 of 2nd period - Slapshot by Louis Crevier.
19:36 of 2nd period - Stopped by Dylan Garand with a rebound.
19:56 of 2nd period - Snap shot by Bobby Trivigno.
19:56 of 2nd period - Stopped by Leevi Merilainen with a rebound.
Goals for this period are 1 for Belleville Senators vs 4 for Hartford Wolf Pack.
Shots for this period are 15 for Belleville Senators vs 8 for Hartford Wolf Pack.

3rd period


0:01 of 3rd period - Ridly Greig wins face-off versus Lauri Pajuniemi in neutral zone.
0:14 of 3rd period - Wrist shot by Ridly Greig.
0:14 of 3rd period - Deflect By Zack MacEwen.
0:14 of 3rd period - Stopped by Dylan Garand without a rebound.
0:15 of 3rd period - Matthew Highmore wins face-off versus Lauri Pajuniemi in Hartford Wolf Pack zone.
0:29 of 3rd period - Off-side.
0:30 of 3rd period - Bobby Trivigno wins face-off versus Ridly Greig in neutral zone.
0:45 of 3rd period - Snap shot by Anton Blidh.
0:45 of 3rd period - Shot Misses the Net.
1:38 of 3rd period - Snap shot by Anton Blidh.
1:38 of 3rd period - Shot Misses the Net.
1:40 of 3rd period - Slapshot by Jacob Friend.
1:40 of 3rd period - Shot Blocked by Joel Teasdale.
1:42 of 3rd period - Slapshot by Olivier LeBlanc.
1:42 of 3rd period - Stopped by Leevi Merilainen with a rebound.
1:44 of 3rd period - Snap shot by Adam Sykora.
1:44 of 3rd period - Stopped by Leevi Merilainen with a rebound.
1:55 of 3rd period - Off-side.
1:56 of 3rd period - Daniel D'Amato wins face-off versus Lauri Pajuniemi in neutral zone.
2:05 of 3rd period - Snap shot by Will Cuylle.
2:05 of 3rd period - Shot Blocked by Jacob Larsson.
2:07 of 3rd period - Slapshot by Ryan Jones.
2:07 of 3rd period - Stopped by Leevi Merilainen with a rebound.
2:09 of 3rd period - Slapshot by Brandon Scanlin.
2:09 of 3rd period - Shot Blocked by Cole Reinhardt.
2:11 of 3rd period - Wrist shot by Riley Nash.
2:11 of 3rd period - Goal by Riley Nash - Belleville Senators : 3 - Hartford Wolf Pack : 6.
2:12 of 3rd period - Lauri Pajuniemi wins face-off versus Ridly Greig in neutral zone.
2:22 of 3rd period - Olivier LeBlanc is hit by Ridly Greig and loses puck.
3:03 of 3rd period - Snap shot by Turner Elson.
3:03 of 3rd period - Shot Misses the Net.
3:05 of 3rd period - Snap shot by Karl Henriksson.
3:05 of 3rd period - Stopped by Leevi Merilainen with a rebound.
3:07 of 3rd period - Wrist shot by Karl Henriksson.
3:07 of 3rd period - Deflect By Turner Elson.
3:07 of 3rd period - Shot Misses the Net.
3:07 of 3rd period - Puck is out of play.
3:08 of 3rd period - Karl Henriksson wins face-off versus Rourke Chartier in Belleville Senators zone.
3:45 of 3rd period - Ryan Jones is hit by Dillon Heatherington and loses puck.
4:07 of 3rd period - Icing by Dillon Heatherington.
4:08 of 3rd period - Rourke Chartier wins face-off versus Lauri Pajuniemi in Belleville Senators zone.
4:18 of 3rd period - Slapshot by Tyler Kleven.
4:18 of 3rd period - Stopped by Dylan Garand with a rebound.
4:20 of 3rd period - Slapshot by Dillon Heatherington.
4:20 of 3rd period - Shot Misses the Net.
4:22 of 3rd period - Wrist shot by Garrett Pilon.
4:22 of 3rd period - Shot Misses the Net.
4:28 of 3rd period - Snap shot by Angus Crookshank.
4:28 of 3rd period - Deflect By Garrett Pilon.
4:28 of 3rd period - Shot Misses the Net.
4:28 of 3rd period - Puck is out of play.
4:29 of 3rd period - Bobby Trivigno wins face-off versus Ridly Greig in Hartford Wolf Pack zone.
4:29 of 3rd period - Bobby Trivigno is hit by Zack MacEwen.
4:41 of 3rd period - Snap shot by Anton Blidh.
4:41 of 3rd period - Shot Misses the Net.
4:57 of 3rd period - Wrist shot by Will Cuylle.
4:57 of 3rd period - Deflect By Justin Brazeau.
4:57 of 3rd period - Stopped by Leevi Merilainen with a rebound.
5:21 of 3rd period - Backhand shot by Mike Reilly.
5:21 of 3rd period - Shot Misses the Net.
7:03 of 3rd period - Icing by Karl Henriksson.
7:04 of 3rd period - Karl Henriksson wins face-off versus Daniel D'Amato in Hartford Wolf Pack zone.
7:21 of 3rd period - Tyler Kleven is hit by Adam Sykora and loses puck.
7:37 of 3rd period - Slapshot by Tyler Kleven.
7:37 of 3rd period - Deflect By Cole Reinhardt.
7:37 of 3rd period - Shot Misses the Net.
7:37 of 3rd period - Puck is out of play.
7:38 of 3rd period - Ridly Greig wins face-off versus Lauri Pajuniemi in Hartford Wolf Pack zone.
7:39 of 3rd period - Snap shot by Joel Teasdale.
7:39 of 3rd period - Goal by Joel Teasdale - Belleville Senators : 4 - Hartford Wolf Pack : 6.
7:40 of 3rd period - Lauri Pajuniemi wins face-off versus Ridly Greig in neutral zone.
7:50 of 3rd period - Snap shot by Riley Nash.
7:50 of 3rd period - Shot Misses the Net.
7:52 of 3rd period - Slapshot by Lauri Pajuniemi.
7:52 of 3rd period - Shot Blocked by Zack MacEwen.
7:54 of 3rd period - Wrist shot by Lauri Pajuniemi.
7:54 of 3rd period - Stopped by Leevi Merilainen with a rebound.
7:56 of 3rd period - Slapshot by Matthew Robertson.
7:56 of 3rd period - Stopped by Leevi Merilainen without a rebound.
7:57 of 3rd period - Matthew Highmore wins face-off versus Bobby Trivigno in Belleville Senators zone.
8:02 of 3rd period - Olivier LeBlanc is hit by Mike Reilly and loses puck.
8:28 of 3rd period - Brandon Scanlin is hit by Garrett Pilon and loses puck.
9:12 of 3rd period - Minor Penalty to Dillon Heatherington for Tripping.
9:13 of 3rd period - Rourke Chartier wins face-off versus Turner Elson in Belleville Senators zone.
9:26 of 3rd period - Wrist shot by Will Cuylle.
9:26 of 3rd period - Deflect By Rourke Chartier.
9:26 of 3rd period - Shot Misses the Net.
9:26 of 3rd period - Puck is out of play.
9:27 of 3rd period - Will Cuylle wins face-off versus Rourke Chartier in Belleville Senators zone.
10:27 of 3rd period - Rourke Chartier is hit by Anton Blidh and loses puck.
11:04 of 3rd period - Louis Crevier is hit by Bobby Trivigno and loses puck.
11:12 of 3rd period - Penalty to Dillon Heatherington is over, Dillon Heatherington is back on ice.
11:40 of 3rd period - Karl Henriksson is hit by Cole Reinhardt.
13:25 of 3rd period - Jacob Friend is hit by Louis Crevier and loses puck.
13:58 of 3rd period - Matt Rempe is hit by Bokondji Imama and loses puck.
15:11 of 3rd period - Icing by Ridly Greig.
15:12 of 3rd period - Ridly Greig wins face-off versus Bobby Trivigno in Belleville Senators zone.
16:01 of 3rd period - Snap shot by Angus Crookshank.
16:01 of 3rd period - Stopped by Dylan Garand with a rebound.
17:17 of 3rd period - Brandon Scanlin is hit by Louis Crevier and loses puck.
17:23 of 3rd period - Icing by Will Cuylle.
17:24 of 3rd period - Ridly Greig wins face-off versus Bobby Trivigno in Hartford Wolf Pack zone.
17:25 of 3rd period - Wrist shot by Joel Teasdale.
17:25 of 3rd period - Deflect By Will Cuylle.
17:25 of 3rd period - Stopped by Dylan Garand with a rebound.
17:27 of 3rd period - Slapshot by Dillon Heatherington.
17:27 of 3rd period - Stopped by Dylan Garand with a rebound.
17:29 of 3rd period - Slapshot by Tyler Kleven.
17:29 of 3rd period - Deflect By Zack MacEwen.
17:29 of 3rd period - Shot Misses the Net.
17:29 of 3rd period - Puck is out of play.
17:30 of 3rd period - Karl Henriksson wins face-off versus Ridly Greig in Hartford Wolf Pack zone.
17:38 of 3rd period - Wrist shot by Turner Elson.
17:38 of 3rd period - Stopped by Leevi Merilainen with a rebound.
17:53 of 3rd period - Snap shot by Joel Teasdale.
17:53 of 3rd period - Stopped by Dylan Garand without a rebound.
17:54 of 3rd period - Rourke Chartier wins face-off versus Bobby Trivigno in Hartford Wolf Pack zone.
18:18 of 3rd period - Zack MacEwen is hit by Will Cuylle and loses puck.
18:41 of 3rd period - Matthew Highmore is hit by Turner Elson.
19:18 of 3rd period - Snap shot by Angus Crookshank.
19:18 of 3rd period - Stopped by Dylan Garand without a rebound.
19:19 of 3rd period - Lauri Pajuniemi wins face-off versus Rourke Chartier in Hartford Wolf Pack zone.
19:24 of 3rd period - Will Cuylle is hit by Dillon Heatherington and loses puck.
19:31 of 3rd period - Slapshot by Angus Crookshank.
19:31 of 3rd period - Stopped by Dylan Garand with a rebound.
19:46 of 3rd period - Ryan Jones is hit by Rourke Chartier and loses puck.
Goals for this period are 1 for Belleville Senators vs 1 for Hartford Wolf Pack.
Shots for this period are 9 for Belleville Senators vs 9 for Hartford Wolf Pack.